[Event "Titled Tuesday Blitz April 05 Late 2022"]
[White "Ashiev, Eduard"]
[Black "Vidonyak, Roman"]
[WhiteFideId "4130090"]
[BlackFideId "14100622"]
[WhiteElo "2004"]
[BlackElo "2502"]
[Result "1-0"]
[Round "02"]
[TimeControl "180+1"]
[Date "2022.04.06"]
[WhiteClock "0:00:02"]
[BlackClock "0:00:02"]

1. d4 f5 2. Bg5 h6 3. Bh4 g5 4. Bg3 Nf6 5. e3 d6 6. h4 Bg7 7. hxg5 hxg5 8. Rxh8+ Bxh8 9. Nc3 e6 10. Be2 Nbd7 11. Bh5+ Ke7 12. Be2 b6 13. Bf3 Rb8 14. Nge2 Bb7 15. Bxb7 Rxb7 16. Qd2 d5 17. O-O-O c6 18. Rh1 b5 19. Kb1 Nb6 20. b3 a5 21. Be5 a4 22. e4 f4 23. g3 axb3 24. cxb3 b4 25. Bxf6+ Kxf6 26. e5+ Kf7 27. gxf4 bxc3 28. Nxc3 Nc4 29. Qe2 Qg8 30. f5 exf5 31. Na4 Qg6 32. Ka1 Na3 33. Nc5 Rb8 34. Qa6 Nc2+ 35. Kb2 Re8 36. Qb7+ Re7 37. Qc8 Nxd4 38. Rxh8 Qg7 39. e6+ Kf6 40. Rf8+ Ke5 41. Nd7+ Kf4 42. Qc7+ Kf3 43. Qg3+ Ke2 44. Qe3+ Kd1 45. Rb8 Nxb3+ 46. Kxb3 d4 47. Qd3+ Kc1 48. Rc8 c5 49. Rxc5# 1-0


[Site "https://www.chess.com"]

[Event "Titled Tuesday Blitz April 05 Late 2022"]
[White "Barbosa, Evandro Amorim"]
[Black "Jacobson, Brandon"]
[WhiteFideId "2115824"]
[BlackFideId "30901561"]
[WhiteElo "2454"]
[BlackElo "2362"]
[Result "1-0"]
[Round "02"]
[TimeControl "180+1"]
[Date "2022.04.05"]
[WhiteClock "0:00:28"]
[BlackClock "0:00:04"]

1. e4 c5 2. Nf3 d6 3. d4 cxd4 4. Nxd4 Nf6 5. Nc3 Nc6 6. Be2 e5 7. Nf3 Be7 8. Bg5 Be6 9. Bxf6 Bxf6 10. Nd5 O-O 11. Nxf6+ Qxf6 12. Qxd6 Qg6 13. O-O Qxe4 14. Bd3 Qd5 15. Qxd5 Bxd5 16. Rfe1 Rfe8 17. Bb5 Bxf3 18. gxf3 Nd4 19. Bxe8 Nxf3+ 20. Kf1 Nxe1 21. Bxf7+ Kxf7 22. Rxe1 Kf6 23. Rd1 Ke6 24. Ke2 Rf8 25. Rg1 g6 26. Rg3 Rf4 27. Rb3 b6 28. Ra3 Rf7 29. Ke3 Rc7 30. Kd2 Kf5 31. Rd3 Kf4 32. c3 e4 33. Rh3 h5 34. Ke2 Rd7 35. Rh4+ Kf5 36. Rh3 Kg4 37. Rg3+ Kf5 38. h4 Rd6 39. Rg5+ Kf4 40. a4 a6 41. Rg3 Kf5 42. Rg5+ Kf6 43. a5 b5 44. Rc5 Ke7 45. Ke3 Rf6 46. b4 Kd6 47. Rg5 Rf3+ 48. Kxe4 Rxc3 49. Rxg6+ Ke7 50. Rxa6 Rc4+ 51. Ke5 Rxb4 52. Ra7+ Kf8 53. f4 Ra4 54. a6 b4 55. Kf6 Ke8 56. f5 b3 57. Rb7 Rxa6+ 58. Kg5 Ra5 59. Rxb3 Kf7 60. Rb7+ Kg8 61. Kg6 Kf8 62. f6 Ke8 63. Rb8+ Kd7 64. f7 1-0


[Site "https://www.chess.com"]

[Event "Titled Tuesday Blitz April 05 Late 2022"]
[White "Bas Mas, Jose Joaquin"]
[Black "Mikhailov, Viacheslav"]
[WhiteFideId "22219064"]
[BlackFideId "4187369"]
[WhiteElo "2315"]
[BlackElo "2730"]
[Result "0-1"]
[Round "02"]
[TimeControl "180+1"]
[Date "2022.04.06"]
[WhiteClock "0:00:25"]
[BlackClock "0:00:32"]

1. e4 d6 2. Nc3 Nf6 3. d4 g6 4. Bg5 Bg7 5. Qd2 O-O 6. O-O-O c6 7. Kb1 b5 8. f3 b4 9. Nce2 a5 10. h4 a4 11. g4 b3 12. Nc1 bxa2+ 13. Ka1 a3 14. b3 c5 15. Bh6 cxd4 16. Bxg7 Kxg7 17. h5 Qa5 18. Qxd4 Nc6 19. Qd2 Qe5+ 20. c3 Be6 21. hxg6 fxg6 22. Nge2 Na5 23. Nd4 Bg8 24. f4 Qc5 25. Bd3 e5 26. b4 Qb6 27. bxa5 Qb2+ 28. Qxb2 axb2+ 29. Kxb2 exd4 30. cxd4 Rxa5 31. Ka1 Nxg4 32. Rd2 Rb8 33. Nxa2 Bxa2 34. Rxa2 Rxa2+ 35. Kxa2 Nf2 36. Rb1 Ra8+ 37. Kb2 Nxd3+ 38. Kc3 Nxf4 39. Rb6 Rd8 40. e5 Nd5+ 0-1


[Site "https://www.chess.com"]

[Event "Titled Tuesday Blitz April 05 Late 2022"]
[White "Bernat, David"]
[Black "Ronka, Erik"]
[WhiteFideId "2099225"]
[BlackFideId "505080"]
[WhiteElo "2294"]
[BlackElo "2526"]
[Result "1-0"]
[Round "02"]
[TimeControl "180+1"]
[Date "2022.04.06"]
[WhiteClock "0:00:10"]
[BlackClock "0:00:06"]

1. c4 c6 2. e4 d5 3. cxd5 cxd5 4. exd5 Nf6 5. Nc3 Nxd5 6. Bc4 Nb6 7. Bb3 g6 8. Nf3 Bg7 9. d4 O-O 10. h3 Nc6 11. Be3 Na5 12. Bc2 Nac4 13. Bc1 Nd5 14. O-O Nxc3 15. bxc3 Be6 16. Rb1 b6 17. Re1 Bd5 18. Be4 e6 19. Bg5 Qd6 20. Bxd5 Qxd5 21. a4 Rac8 22. Rb5 Qd7 23. Nd2 Nd6 24. Rb3 Rfe8 25. Qa1 e5 26. d5 e4 27. Bf4 f5 28. Qa3 Bf8 29. Qb2 Qxa4 30. Ra1 Qd7 31. Rba3 Ra8 32. Qb3 Nf7 33. R3a2 Rec8 34. c4 Bg7 35. Rc1 Bd4 36. Be3 Be5 37. Nb1 Bd6 38. Nc3 Ne5 39. Nb5 Nd3 40. Rd1 Bc5 41. Bxc5 Nxc5 42. Qb2 a6 43. Nd4 Rab8 44. Nc6 Rb7 45. Qf6 Qg7 46. Qg5 h6 47. Qf4 Nd3 48. Qe3 b5 49. Rxd3 bxc4 50. Rc3 Rbc7 51. Rxc4 Qf6 52. Kh2 h5 53. Qb6 Rd7 54. Rd2 Kh7 55. Qd4 Qd6+ 56. Qe5 Qf8 57. Qe6 Rf7 58. d6 Re8 59. Qd5 Rd7 60. Ne5 Rdd8 61. Rc7+ Kh6 62. Nf7+ Kg7 63. Nxd8+ Kf6 64. Ne6 Qg8 65. d7 Rd8 66. Nxd8 Qxd8 67. Qd6+ Kg5 68. Rc8 Qf6 69. Qxf6+ Kxf6 70. d8=Q+ Ke5 71. Rc5+ Kf4 72. Qd6+ Kg5 73. Qe7+ Kf4 74. g3+ Kf3 75. Rc3+ e3 76. Rxe3# 1-0


[Site "https://www.chess.com"]

[Event "Titled Tuesday Blitz April 05 Late 2022"]
[White "Bilan, Danila"]
[Black "Smirnov, Pavel"]
[WhiteFideId "24161918"]
[BlackFideId "4123425"]
[WhiteElo "2547"]
[BlackElo "2803"]
[Result "0-1"]
[Round "02"]
[TimeControl "180+1"]
[Date "2022.04.06"]
[WhiteClock "0:00:04"]
[BlackClock "0:01:51"]

1. d4 Nf6 2. Nf3 e6 3. g3 d5 4. Bg2 Be7 5. O-O O-O 6. c4 c6 7. Qc2 b6 8. Nbd2 Bb7 9. Rd1 Nbd7 10. b3 Rc8 11. e4 c5 12. exd5 exd5 13. Qf5 g6 14. Qh3 Re8 15. Bb2 dxc4 16. Nxc4 Bd5 17. Nfe5 Be6 18. Qh6 Bf8 19. Qh4 Nd5 20. Qxd8 Rexd8 21. dxc5 Nxc5 22. Rac1 Nb4 23. a3 Nbd3 24. Nxd3 Nxd3 25. Rb1 Nxb2 26. Rxd8 Rxd8 27. Rxb2 b5 28. Ne3 Bxa3 29. Ra2 b4 30. Bf1 Bxb3 31. Ra1 Be6 32. Rb1 Rc8 33. Be2 Rc3 34. Bd1 Rc1 35. Rxc1 Bxc1 36. Ba4 b3 37. Kf1 b2 38. Bc2 0-1


[Site "https://www.chess.com"]

[Event "Titled Tuesday Blitz April 05 Late 2022"]
[White "Bortnyk, Olexandr"]
[Black "Do Valle Cardoso, Lucas"]
[WhiteFideId "14120828"]
[BlackFideId "2163144"]
[WhiteElo "2723"]
[BlackElo "2331"]
[Result "0-1"]
[Round "02"]
[TimeControl "180+1"]
[Date "2022.04.05"]
[WhiteClock "0:00:06"]
[BlackClock "0:00:02"]

1. e4 e5 2. Bc4 Nf6 3. d3 c6 4. Nf3 d5 5. Bb3 Bb4+ 6. Bd2 Bxd2+ 7. Qxd2 Qd6 8. Nc3 O-O 9. h3 Na6 10. d4 exd4 11. Qxd4 Re8 12. e5 Nd7 13. O-O-O Nxe5 14. Rhe1 f6 15. Nh4 Bd7 16. Ne4 Qf8 17. Re3 Kh8 18. Ng3 Qc5 19. Qf4 Ng6 20. Nxg6+ hxg6 21. Ne4 Qf8 22. Nd6 Rxe3 23. fxe3 g5 24. Qg3 Nc5 25. h4 gxh4 26. Qxh4+ Kg8 27. Nxb7 Nxb7 28. Rxd5 Be6 29. Rh5 Kf7 30. Bxe6+ Kxe6 31. Rh7 Nd6 32. Qg4+ f5 33. Qa4 Qf6 34. Qxc6 Rc8 35. Qa6 Qe5 36. Qd3 f4 37. Rh3 Qf5 38. Qe2 Qe4 39. c3 Nf5 40. Qa6+ Kd7 41. Qb5+ Rc6 42. exf4 Ne3 43. Rg3 Qc2# 0-1


[Site "https://www.chess.com"]

[Event "Titled Tuesday Blitz April 05 Late 2022"]
[White "Boskovic, Drasko"]
[Black "Goryachkina, Aleksandra"]
[WhiteFideId "927368"]
[BlackFideId "4147103"]
[WhiteElo "2403"]
[BlackElo "2650"]
[Result "0-1"]
[Round "02"]
[TimeControl "180+1"]
[Date "2022.04.06"]
[WhiteClock "0:01:59"]
[BlackClock "0:00:10"]

1. e4 e6 2. d4 d5 3. Nd2 Be7 4. Bd3 Nf6 5. Ngf3 c5 6. dxc5 dxe4 7. Nxe4 Nxe4 8. Bxe4 Qxd1+ 9. Kxd1 Bxc5 10. Ke2 Ke7 11. Be3 Bxe3 12. Kxe3 Nd7 13. Rhd1 Nc5 14. Rd4 Nxe4 15. Kxe4 b6 16. Rad1 Bb7+ 17. Ke3 Rhd8 18. g3 Rxd4 19. Rxd4 Rc8 20. c3 f6 21. h4 e5 22. Rd2 Ke6 23. Ne1 h6 24. Nd3 g5 25. hxg5 hxg5 26. Nb4 f5 27. f4 exf4+ 28. gxf4 g4 29. Nc2 g3 30. Nd4+ Kf6 31. Nf3 Re8+ 32. Ne5 g2 33. Kf2 Rg8 34. Rd1 Be4 35. Rg1 Rh8 36. Nf3 Rd8 37. Rxg2 Rd3 38. Rg3 Bxf3 39. Rxf3 Rd2+ 40. Ke3 Rxb2 41. Kd4 Rxa2 42. Kd5 Rb2 43. c4 a5 44. Kc6 Rb4 45. Kd5 a4 46. Ra3 Kg6 47. Rh3 Rb3 48. Rh8 a3 49. Ra8 Kh5 50. Ke5 Kg4 51. Rg8+ Kf3 52. Kxf5 b5 53. c5 b4 54. Ke5 a2 0-1


[Site "https://www.chess.com"]

[Event "Titled Tuesday Blitz April 05 Late 2022"]
[White "Bowden, Karl"]
[Black "Saldano Dayer, Horacio"]
[WhiteFideId "400548"]
[BlackFideId "103411"]
[WhiteElo "2354"]
[BlackElo "2544"]
[Result "0-1"]
[Round "02"]
[TimeControl "180+1"]
[Date "2022.04.06"]
[WhiteClock "0:00:03"]
[BlackClock "0:00:21"]

1. e4 d6 2. d4 Nf6 3. Bd3 e5 4. c3 d5 5. dxe5 Nxe4 6. Nd2 Nc5 7. Bc2 Nc6 8. Ngf3 Bg4 9. h3 Bh5 10. g4 Bg6 11. Bxg6 hxg6 12. Nb3 Ne6 13. Be3 Qd7 14. Qe2 a5 15. a4 Ncd8 16. Kf1 b6 17. Kg2 Nb7 18. Rhd1 Nbc5 19. Qc2 O-O-O 20. c4 Qc6 21. cxd5 Rxd5 22. Rxd5 Qxd5 23. Nxc5 Bxc5 24. Rd1 Qb7 25. Bxc5 Nxc5 26. Qc4 Rxh3 27. Qe2 Rh8 28. Re1 g5 29. Qc2 Ne6 30. Qf5 Kb8 31. Qe4 Nf4+ 32. Kg1 Qxe4 33. Rxe4 Ne6 34. Nd4 Nxd4 35. Rxd4 Kc8 36. Re4 Re8 37. Kg2 Re6 38. Kf3 Kd7 39. Rd4+ Ke7 0-1


[Site "https://www.chess.com"]

[Event "Titled Tuesday Blitz April 05 Late 2022"]
[White "Burke, Paul"]
[Black "Chernomordik, Pavel"]
[WhiteFideId "2605767"]
[BlackFideId "2804530"]
[WhiteElo "1868"]
[BlackElo "2220"]
[Result "0-1"]
[Round "02"]
[TimeControl "180+1"]
[Date "2022.04.06"]
[WhiteClock "0:01:42"]
[BlackClock "0:02:22"]

1. e4 g6 2. Nc3 Bg7 3. g3 h5 4. h3 e5 5. Bg2 Nc6 6. Nge2 d6 7. d3 f5 8. f4 h4 9. Nd5 hxg3 10. Nxg3 Be6 11. exf5 gxf5 12. O-O Nf6 13. Nxf6+ Qxf6 14. Nh5 Qg6 15. Nxg7+ Qxg7 16. Kh2 O-O-O 17. c3 Rdg8 18. Qf3 e4 19. dxe4 fxe4 20. Qxe4 Qg3+ 21. Kh1 Bxh3 0-1


[Site "https://www.chess.com"]

[Event "Titled Tuesday Blitz April 05 Late 2022"]
[White "Chen, Justin"]
[Black "Brizzi, Milagros Tatiana"]
[WhiteFideId "2098199"]
[BlackFideId "128350"]
[WhiteElo "2500"]
[BlackElo "1844"]
[Result "1-0"]
[Round "02"]
[TimeControl "180+1"]
[Date "2022.04.06"]
[WhiteClock "0:00:01"]
[BlackClock "0:00:01"]

1. Nf3 d5 2. e3 Nf6 3. c4 c6 4. Nc3 e6 5. Qc2 Be7 6. b3 O-O 7. Bb2 Nbd7 8. Be2 b6 9. Rg1 Bb7 10. g4 c5 11. g5 Ne8 12. h4 dxc4 13. bxc4 Nd6 14. h5 Re8 15. g6 fxg6 16. hxg6 h6 17. Rh1 Bf6 18. Ne4 Nxe4 19. Rh5 Bxb2 20. Qxb2 Ndf6 21. Rh4 Qd6 22. O-O-O Qc6 23. Rdh1 Re7 24. Ne5 Qc7 25. R1h2 Rd8 26. d3 Nd6 27. f4 Nf5 28. R4h3 a6 29. Nf7 Rxf7 30. gxf7+ Qxf7 31. Qd2 b5 32. cxb5 axb5 33. Qc3 c4 34. Qe5 Rc8 35. d4 b4 36. Qb5 Bc6 37. Qc5 Bb7 38. Qxb4 Be4 39. Qb5 1-0


[Site "https://www.chess.com"]

[Event "Titled Tuesday Blitz April 05 Late 2022"]
[White "Czopor, Maciej"]
[Black "Andreikin, Dmitry"]
[WhiteFideId "21805431"]
[BlackFideId "4158814"]
[WhiteElo "1999"]
[BlackElo "2736"]
[Result "0-1"]
[Round "02"]
[TimeControl "180+1"]
[Date "2022.04.05"]
[WhiteClock "0:01:14"]
[BlackClock "0:02:16"]

1. d4 d5 2. Nf3 Nf6 3. Bf4 c5 4. e3 Nc6 5. Nbd2 Nh5 6. Bg5 h6 7. Bh4 g5 8. Bg3 Nxg3 9. hxg3 g4 10. Ne5 Nxe5 11. dxe5 Bg7 12. Rh5 Qc7 13. Bb5+ Kf8 14. f4 gxf3 15. Qxf3 Be6 16. Qf4 c4 17. c3 Qa5 18. a4 a6 19. Nf3 axb5 20. Nd4 Kg8 21. Nxb5 Qb6 22. Kd2 Bd7 23. Rf1 Qg6 0-1


[Site "https://www.chess.com"]

[Event "Titled Tuesday Blitz April 05 Late 2022"]
[White "D`Arruda, Ricardo D."]
[Black "Degardin, Sylvain"]
[WhiteFideId "100692"]
[BlackFideId "20623070"]
[WhiteElo "2186"]
[BlackElo "2156"]
[Result "0-1"]
[Round "02"]
[TimeControl "180+1"]
[Date "2022.04.06"]
[WhiteClock "0:01:10"]
[BlackClock "0:01:18"]

1. Nf3 c5 2. c4 Nc6 3. Nc3 e5 4. e3 Nf6 5. d4 cxd4 6. exd4 e4 7. d5 exf3 8. dxc6 Qe7+ 9. Be3 dxc6 10. Qxf3 Bg4 11. Qg3 Qb4 12. Rb1 Bd6 13. Bf4 Bxf4 14. Qxf4 O-O-O 15. f3 Rhe8+ 16. Be2 Bh5 17. O-O Bg6 18. Rbc1 Qxb2 19. Rf2 Nh5 20. Qg5 h6 21. Qg4+ f5 22. Qxg6 Qxc1+ 23. Rf1 Qxc3 0-1


[Site "https://www.chess.com"]

[Event "Titled Tuesday Blitz April 05 Late 2022"]
[White "Danilov, Vladimir"]
[Black "Sevian, Samuel"]
[WhiteFideId "1203398"]
[BlackFideId "2040506"]
[WhiteElo "2542"]
[BlackElo "3021"]
[Result "0-1"]
[Round "02"]
[TimeControl "180+1"]
[Date "2022.04.06"]
[WhiteClock "0:02:36"]
[BlackClock "0:02:53"]

1. b3 e5 2. Bb2 e4 3. e3 d5 4. d3 Nf6 5. Nc3 exd3 6. Bxd3 Bd6 7. Nf3 O-O 8. Qd2 Bg4 9. O-O-O c6 10. h3 Bh5 11. g4 Bg6 12. Bxg6 hxg6 13. Qd3 Na6 14. g5 Nc5 15. Qe2 Nfe4 16. h4 Nxc3 17. Bxc3 Ne4 18. Bb2 Qa5 19. Kb1 Ba3 20. Qd3 Bxb2 21. Kxb2 Nxf2 22. Qe2 Nxd1+ 23. Qxd1 Rae8 24. h5 Rxe3 25. Nd4 Qc3+ 26. Kb1 Rfe8 27. Nf3 Rxf3 28. hxg6 fxg6 0-1


[Site "https://www.chess.com"]

[Event "Titled Tuesday Blitz April 05 Late 2022"]
[White "Dardha, Daniel"]
[Black "Rudzinska, Michalina"]
[WhiteFideId "240990"]
[BlackFideId "1172883"]
[WhiteElo "2719"]
[BlackElo "2285"]
[Result "0-1"]
[Round "02"]
[TimeControl "180+1"]
[Date "2022.04.06"]
[WhiteClock "0:00:11"]
[BlackClock "0:00:10"]

1. Na3 c5 2. e4 b6 3. g3 Bb7 4. Bg2 e6 5. Ne2 Nf6 6. d3 d6 7. O-O Be7 8. e5 Bxg2 9. exf6 Bxf1 10. fxe7 Qxe7 11. Qxf1 Nd7 12. Nc4 h5 13. h3 h4 14. g4 b5 15. Ne3 d5 16. c4 d4 17. Ng2 bxc4 18. dxc4 Ne5 19. Nef4 Nf3+ 20. Kh1 Qb7 21. Nd3 Qc6 22. Qe2 O-O 23. b3 e5 24. Ba3 e4 25. Nxc5 Qc7 26. Qxf3 exf3 27. Nxh4 Rfe8 28. Nxf3 Qf4 29. Kg2 Rad8 30. Nd3 Qc7 31. Rd1 Re2 32. Bc1 Rxa2 33. Bf4 Qb7 34. b4 Rc2 35. c5 Re8 36. Ne5 f6 37. c6 Qxb4 38. Nd3 Qc4 39. c7 Ree2 40. Bd6 a5 41. Nc5 Rxf2+ 42. Kg3 Rg2+ 43. Kh4 g5+ 44. Nxg5 fxg5+ 45. Kxg5 Qd5+ 46. Kh4 Rxc5 47. Bxc5 Qxc5 48. Rf1 Qxc7 49. Rf5 Qg3+ 50. Kg5 Qxh3 51. Rf4 Rxg4+ 52. Rxg4 Qxg4+ 53. Kxg4 a4 0-1


[Site "https://www.chess.com"]

[Event "Titled Tuesday Blitz April 05 Late 2022"]
[White "Davtyan, David Arm."]
[Black "Levin, Anthony"]
[WhiteFideId "13310046"]
[BlackFideId "30940680"]
[WhiteElo "2158"]
[BlackElo "2019"]
[Result "1/2-1/2"]
[Round "02"]
[TimeControl "180+1"]
[Date "2022.04.06"]
[WhiteClock "0:00:26"]
[BlackClock "0:00:07"]

1. c4 e5 2. Nc3 Nf6 3. Nf3 Nc6 4. e4 Bb4 5. d3 Bxc3+ 6. bxc3 d6 7. g3 O-O 8. Bg2 Bg4 9. h3 Be6 10. O-O h6 11. Nh4 Nd7 12. Nf5 a6 13. Qg4 Bxf5 14. Qxf5 b5 15. f4 bxc4 16. fxe5 cxd3 17. exd6 cxd6 18. Rf4 Nde5 19. Rh4 Ne7 20. Qh5 N7g6 21. Rf4 Nxf4 22. gxf4 Nc4 23. Qd1 Qb6+ 24. Kh2 Ne3 25. Qxd3 Nxg2 26. Kxg2 Rac8 27. Bd2 Qb2 28. Rg1 Qxa2 29. Kf3 Qe6 30. Rg3 Rfd8 31. f5 Qe5 32. Kg2 d5 33. Bxh6 dxe4 34. Qe3 Rxc3 35. Qxc3 Qxc3 36. Rxc3 gxh6 37. Rc6 Rd3 38. f6 Kh7 39. Rxa6 Kg6 40. Ra4 Re3 41. Ra6 Kf5 42. Rb6 Rf3 43. Rb4 Re3 44. Rb6 Rf3 45. Rb4 Kxf6 46. Rxe4 Rf5 47. Re3 Rg5+ 48. Kh2 Kg6 49. h4 Rg4 50. Kh3 Ra4 51. Rg3+ Kh7 52. Rf3 Kg7 53. Rg3+ Kh7 54. Rf3 Kg7 55. Re3 Kg6 56. Re5 Kg7 57. Rc5 Kg6 58. h5+ Kg7 59. Rf5 Rb4 60. Kg3 Ra4 61. Kh3 Rb4 62. Rf3 Ra4 63. Rg3+ Kh7 64. Rf3 Kg7 65. Rg3+ Kh7 66. Rf3 Kg7 1/2-1/2


[Site "https://www.chess.com"]

[Event "Titled Tuesday Blitz April 05 Late 2022"]
[White "Delaney, Killian"]
[Black "Kohler, Aran"]
[WhiteFideId "2501570"]
[BlackFideId "1002856"]
[WhiteElo "2598"]
[BlackElo "2305"]
[Result "1-0"]
[Round "02"]
[TimeControl "180+1"]
[Date "2022.04.06"]
[WhiteClock "0:01:02"]
[BlackClock "0:00:05"]

1. e4 c6 2. d4 d5 3. exd5 cxd5 4. c4 Nf6 5. Nc3 Nc6 6. Nf3 Bg4 7. cxd5 Nxd5 8. Qb3 Nxc3 9. bxc3 Bd7 10. Qxb7 Rb8 11. Qa6 e6 12. Bf4 Rb6 13. Qd3 Be7 14. Be2 O-O 15. O-O Na5 16. Rab1 h6 17. c4 Qc8 18. c5 Rxb1 19. Rxb1 Nc6 20. Qa3 f6 21. Ba6 Qe8 22. h3 Kh8 23. Bd3 Nxd4 24. Nxd4 e5 25. Ne2 exf4 26. Nxf4 Kg8 27. Qb3+ Rf7 28. Bg6 Bc6 29. Qe6 Bxc5 30. Bxf7+ Qxf7 31. Qxc6 Bxf2+ 32. Kh1 Qxa2 33. Qd5+ 1-0


[Site "https://www.chess.com"]

[Event "Titled Tuesday Blitz April 05 Late 2022"]
[White "Demchenko, Anton"]
[Black "Sydoryka, Vladyslav"]
[WhiteFideId "4160258"]
[BlackFideId "14145928"]
[WhiteElo "2539"]
[BlackElo "2283"]
[Result "1-0"]
[Round "02"]
[TimeControl "180+1"]
[Date "2022.04.05"]
[WhiteClock "0:00:19"]
[BlackClock "0:00:04"]

1. e4 c6 2. d4 d5 3. e5 Bf5 4. Bd3 Bxd3 5. Qxd3 Qa5+ 6. c3 Qa6 7. Qd1 e6 8. Ne2 c5 9. O-O Nc6 10. Be3 cxd4 11. cxd4 Nge7 12. Ng3 Rc8 13. Nc3 Rc7 14. a4 Rc8 15. a5 Nb4 16. Qa4+ Nec6 17. Nh5 Qd3 18. Rfc1 Qf5 19. Ng3 Qg6 20. Nb5 a6 21. Nd6+ Bxd6 22. exd6 O-O 23. Rc3 Rcd8 24. Rf1 Rxd6 25. Rb3 Nc2 26. Rxb7 Nxe3 27. fxe3 Qd3 28. Rf3 Qd2 29. b4 h5 30. Nf1 Qc1 31. Rb6 Rfd8 32. Rf2 Ne7 33. Rxd6 Rxd6 34. Qe8+ Kh7 35. Qxe7 Rc6 36. Rxf7 1-0


[Site "https://www.chess.com"]

[Event "Titled Tuesday Blitz April 05 Late 2022"]
[White "Diaz Perez, Michel Alejandro"]
[Black "Martinez Alcantara, Jose Eduardo"]
[WhiteFideId "3517179"]
[BlackFideId "3805662"]
[WhiteElo "2313"]
[BlackElo "2690"]
[Result "0-1"]
[Round "02"]
[TimeControl "180+1"]
[Date "2022.04.05"]
[WhiteClock "0:00:33"]
[BlackClock "0:01:16"]

1. d4 Nf6 2. c4 e6 3. Nf3 Bb4+ 4. Nbd2 b6 5. a3 Bxd2+ 6. Qxd2 Bb7 7. e3 d5 8. b3 O-O 9. Be2 dxc4 10. bxc4 c5 11. O-O Nc6 12. Bb2 Qe7 13. Rfd1 Rfd8 14. Qc2 Rac8 15. Qa4 cxd4 16. exd4 Na5 17. Ne5 Nd7 18. Nf3 Nf6 19. Ne5 Nd7 20. Nf3 Bc6 21. Qc2 Bxf3 22. Bxf3 Nxc4 23. Bc3 Nf6 24. Qb3 Nd5 25. Be1 Rc7 26. Rac1 Rdc8 27. a4 h6 28. g3 Ne5 29. Rxc7 Nxf3+ 30. Qxf3 Qxc7 31. a5 b5 32. Bd2 Qd7 33. Qg4 Nf6 34. Qh4 Nd5 35. Qg4 Kh8 36. h4 a6 37. h5 Nf6 38. Qf3 Qd5 39. Qf4 Qxh5 40. d5 Qxd1+ 0-1


[Site "https://www.chess.com"]

[Event "Titled Tuesday Blitz April 05 Late 2022"]
[White "Dimakiling, Oliver"]
[Black "Ansh M Shah"]
[WhiteFideId "5202248"]
[BlackFideId "25033379"]
[WhiteElo "2667"]
[BlackElo "2387"]
[Result "1-0"]
[Round "02"]
[TimeControl "180+1"]
[Date "2022.04.06"]
[WhiteClock "0:01:18"]
[BlackClock "0:00:02"]

1. e4 c6 2. d3 d5 3. Nd2 e6 4. Ngf3 Nf6 5. c3 Be7 6. e5 Nfd7 7. d4 c5 8. Bd3 Nc6 9. O-O Qb6 10. Re1 h6 11. dxc5 Nxc5 12. Bf1 O-O 13. Nd4 Rd8 14. a3 Nd7 15. N2f3 a6 16. b4 Qc7 17. Bf4 Bf8 18. h4 Be7 19. Rc1 b5 20. Bd3 Nb6 21. Bb1 h5 22. Ng5 g6 23. Qf3 Bf8 24. g4 hxg4 25. Qxg4 Bg7 26. h5 Ne7 27. hxg6 Nxg6 28. Ngxe6 fxe6 29. Qxg6 Qf7 30. Qh7+ Kf8 31. Bg5 Re8 32. Re3 Bxe5 33. Rxe5 Qxh7 34. Bxh7 Nc4 35. Re2 Kg7 36. Bd3 e5 37. Bxc4 dxc4 38. Nc6 Kg6 39. Bh4 Kf5 40. Bg3 Bb7 41. Nxe5 Re6 42. f3 Rae8 43. Rce1 Bxf3 44. Rf2 1-0


[Site "https://www.chess.com"]

[Event "Titled Tuesday Blitz April 05 Late 2022"]
[White "Djordjevic, Dejan N"]
[Black "Buchenau, Frank"]
[WhiteFideId "913316"]
[BlackFideId "4604350"]
[WhiteElo "2262"]
[BlackElo "2193"]
[Result "1-0"]
[Round "02"]
[TimeControl "180+1"]
[Date "2022.04.06"]
[WhiteClock "0:00:08"]
[BlackClock "0:00:03"]

1. e4 e6 2. d3 d5 3. Nd2 Nf6 4. Ngf3 b6 5. g3 dxe4 6. dxe4 Bb7 7. Bd3 Nbd7 8. e5 Nxe5 9. Nxe5 Bxh1 10. Bb5+ c6 11. Nxc6 Qd5 12. c4 Qxc6 13. Bxc6+ Bxc6 14. a3 Be7 15. Qe2 O-O 16. b4 Rad8 17. Bb2 Rd7 18. Nf3 Rfd8 19. Ne5 Rc7 20. Rd1 Rxd1+ 21. Qxd1 Ba8 22. h3 Ne4 23. Qd3 f6 24. Nf3 Nd6 25. Nd2 e5 26. f3 a5 27. Kf2 axb4 28. axb4 Nf7 29. Bc3 Bc6 30. Ne4 Rd7 31. Qe3 f5 32. Nd2 Bf6 33. Qxb6 Bb7 34. Ke2 f4 35. g4 Bd8 36. Qe6 Re7 37. Qxe7 Bxe7 38. Kd3 Ng5 39. c5 Nxf3 40. Nxf3 Bxf3 41. Bxe5 Bg2 42. Bxf4 Bxh3 43. g5 Bf1+ 44. Kd4 Kf7 45. Kd5 Bb5 46. Bd2 Ke8 47. c6 Kd8 48. Bc3 g6 49. Bf6 Bxf6 50. gxf6 Ke8 51. Kc5 Ba4 52. b5 g5 53. b6 g4 54. b7 g3 55. b8=Q+ Kf7 56. Qxg3 Kxf6 57. Qf4+ Kg6 58. Qxa4 Kg5 59. c7 1-0


[Site "https://www.chess.com"]

[Event "Titled Tuesday Blitz April 05 Late 2022"]
[White "Dobre, Claudiu-Cristian"]
[Black "Fajdetic, Hrvoje"]
[WhiteFideId "1211854"]
[BlackFideId "14501945"]
[WhiteElo "2207"]
[BlackElo "2172"]
[Result "1-0"]
[Round "02"]
[TimeControl "180+1"]
[Date "2022.04.06"]
[WhiteClock "0:00:14"]
[BlackClock "0:00:10"]

1. c4 f5 2. Nf3 Nf6 3. g3 d6 4. Bg2 e5 5. d3 Be7 6. O-O O-O 7. Nc3 c6 8. Rb1 a5 9. a3 Qe8 10. b4 axb4 11. axb4 Qh5 12. b5 Nbd7 13. e3 Nc5 14. d4 exd4 15. Nxd4 Qe8 16. bxc6 Nfe4 17. Nd5 bxc6 18. Nxc6 Bg5 19. Nd4 Ra2 20. Rb2 Ra1 21. Qc2 Bb7 22. f3 Bxd5 23. cxd5 Rxc1 24. Rxc1 Bxe3+ 25. Kf1 Nd2+ 26. Qxd2 Bxd2 27. Rxd2 f4 28. g4 Qe3 29. Rcd1 Re8 30. Re2 Nd3 31. Rxe3 Rxe3 32. Ne2 g6 33. Nc1 Nb4 34. Rd2 g5 35. Na2 Na6 36. Re2 Nc5 37. Rxe3 fxe3 38. Ke2 Kf7 39. Kxe3 Kf6 40. Kd4 Nb3+ 41. Ke4 Nc5+ 42. Kd4 Nb3+ 43. Kc3 Nc5 44. Nc1 Ke5 45. Nd3+ Nxd3 46. Kxd3 Kxd5 47. f4+ Ke6 48. f5+ Ke5 49. Bc6 h5 50. h3 hxg4 51. hxg4 d5 52. Ke3 d4+ 53. Kd3 Kf4 54. Kxd4 Kxg4 55. f6 Kf5 56. f7 g4 57. f8=Q+ 1-0


[Site "https://www.chess.com"]

[Event "Titled Tuesday Blitz April 05 Late 2022"]
[White "Dubov, Daniil"]
[Black "Koziorowicz, Michal"]
[WhiteFideId "24126055"]
[BlackFideId "21809194"]
[WhiteElo "2791"]
[BlackElo "2235"]
[Result "1/2-1/2"]
[Round "02"]
[TimeControl "180+1"]
[Date "2022.04.05"]
[WhiteClock "0:00:05"]
[BlackClock "0:00:09"]

1. d4 f5 2. g3 Nf6 3. Bg2 e6 4. Nf3 d5 5. c4 Bd6 6. O-O c6 7. b3 Qe7 8. Ne5 O-O 9. Bb2 b6 10. Nd2 Bb7 11. Qc2 Nbd7 12. Ndf3 Rac8 13. Rac1 Bb8 14. Rfd1 Nxe5 15. Nxe5 Nd7 16. Nxd7 Qxd7 17. e3 Qe7 18. a4 a5 19. Ra1 Bd6 20. Qc1 Bb4 21. Ba3 Rfd8 22. Bxb4 Qxb4 23. Rb1 c5 24. Qb2 Ba8 25. dxc5 Rxc5 26. Qe5 Kf7 27. Qf4 Rcc8 28. g4 Qd6 29. Qxd6 Rxd6 30. gxf5 exf5 31. cxd5 Rcd8 32. b4 Bxd5 33. bxa5 bxa5 34. Rb5 Be6 35. Rxd6 Rxd6 36. h4 Rd1+ 37. Kh2 Ra1 38. Rxa5 Bb3 39. Rxf5+ Ke6 40. Rb5 Bc4 41. Rb4 Be2 42. Kg3 h6 43. Re4+ Kf5 44. Rf4+ Ke5 45. Rf7 g5 46. hxg5 hxg5 47. Ra7 Rg1 48. Kh2 Ra1 49. a5 Kf5 50. Kg3 Rg1 51. Kh2 Ra1 52. Ra8 Kg4 53. Ra7 Ra2 54. Ra8 Ra1 55. Bb7 Ra2 56. a6 Bf1 57. Rf8 Bxa6 58. Bxa6 Rxa6 59. Kg2 Ra2 60. Rd8 Re2 61. Rd4+ Kf5 62. Kg3 Re1 63. Rd5+ Kf6 64. Kf3 Rg1 65. Rb5 Re1 66. Rb6+ Kf5 67. Rb5+ Kf6 68. Ke4 Rf1 69. Rf5+ Kg6 70. f3 Re1 71. Rd5 Kh5 72. Rd3 Kh4 73. Kf5 Rf1 74. e4 g4 75. f4 g3 76. Rd2 Rf2 77. Rd1 g2 78. Rg1 Kg3 79. e5 Rxf4+ 80. Kg6 Rf1 81. Rxg2+ Kxg2 82. e6 Re1 83. Kf7 Kf3 84. e7 Kf4 85. e8=Q Rxe8 86. Kxe8 1/2-1/2


[Site "https://www.chess.com"]